 Dungeon Crawl Stone Soup version 0.26-a0-663-g36e8fdb655 (webtiles) character file.

Game seed: 8289554457877844255

1 flotson the Sneak (level 1, -2/18 HPs)
             Began as a Demonspawn Delver on Oct 10, 2020.
             Killed from afar by an orc wizard (3 damage)
             ... with a magic dart
             ... on level 5 of the Dungeon.
             The game lasted 00:01:10 (479 turns).

flotson the Sneak (Demonspawn Delver)                Turns: 479, Time: 00:01:11

Health: -2/18      AC:  5    Str: 12    XL:     1   Next: 16%
Magic:  1/1        EV: 12    Int: 17    God:
Gold:   8          SH:  0    Dex: 14    Spells: 0/0 levels left

rFire    . . .     SeeInvis .     - Unarmed
rCold    + + +     Faith    .   (no shield)
rNeg     . . .     Spirit   .   a - +0 leather armour
rPois    .         Reflect  .   (no helmet)
rElec    .         Harm     .   k - +1 cloak
rCorr    .         Rampage  .   (no gloves)
MR       .....                  (no boots)
Stlth    +.........             (no amulet)
HPRegen  0.06/turn              h - ring of Mateorha {*Drain +Fly rC+++ Int+6 Stlth-}
MPRegen  0.07/turn              (no ring)

@: hasted, very quick
A: no striking features
a: Evoke Flight


You were on level 5 of the Dungeon.
You visited 2 branches of the dungeon, and saw 3 of its levels.

You collected 8 gold pieces.

Inventory:

Missiles
 i - 17 arrows
Armour
 a - a +0 leather armour (worn)
 k - a +1 cloak (worn)
Jewellery
 h - the ring of Mateorha (left hand) {*Drain +Fly rC+++ Int+6 Stlth-}
   (You found it on level 6 of the Dungeon)

   [ring of intelligence]

   It affects your intelligence (+6).
   It renders you almost immune to cold.
   It lets you fly.
   It causes draining when unequipped.
   It makes you less stealthy.
Wands
 f - a wand of digging (3)
Scrolls
 b - a scroll of fog
 c - a scroll of magic mapping
 d - 2 scrolls of fear
 j - a scroll of identify {unknown}
Potions
 g - a potion of lignification {unknown}


   Skills:
 + Level 3.0 Fighting
 + Level 1.9 Dodging
 + Level 4.5 Stealth
 + Level 1.7 Unarmed Combat


You couldn't memorise any spells.
You didn't know any spells.
Your spell library was empty.

Dungeon Overview and Level Annotations

Branches:
Dungeon (6/15)             Temple (1/1) D:5

Altars:
Ashenzari
Gozag
Makhleb
Nemelex Xobeh
Ru
Sif Muna
Trog
Uskayaw
Yredelemnul
The Shining One

Annotations:
D:6 Prince Ribbit


Message History

The orc wizard is moderately wounded.
The orc wizard barely misses you.
You hit the orc wizard.
The orc wizard is heavily wounded.
The orc wizard hits you but does no damage.
You hit the orc wizard but do no damage.
The orc wizard is heavily wounded.
You hit the orc wizard.
The orc wizard is heavily wounded.
The orc wizard gestures at you while chanting.
The puff of flame hits you!
* * * LOW HITPOINT WARNING * * *
You hit the orc wizard.
The orc wizard is heavily wounded.
The orc wizard hits you with a +0 dagger.
* * * LOW HITPOINT WARNING * * *
You feel yourself speed up. The orc wizard casts a spell at you.
The magic dart hits you.
You die...

..... ##.#.#
....o.####....#
......'.......#
......####...##
..... ##..#
.... ###.#####
... #.......#
#+# #.#####.#
#.# #@# #.# #o#
#.# #.#
#.#####.#
#.......#
####.#### #.#
..# ####


You could see an orc wizard.

Vanquished Creatures
  A ball python (D:5)
1 creature vanquished.

Notes
Turn   | Place    | Note
-------+----------+-------------------------------------------
     0 | D:5      | flotson the Demonspawn Delver began the quest for the Orb.
     0 | D:5      | Reached XP level 1. HP: 18/18 MP: 1/1
     0 | D:5      | Found a staircase to the Ecumenical Temple.
     6 | Temple   | Entered the Ecumenical Temple
   304 | D:6      | Found an opulent altar of Gozag.
   304 | D:6      | Noticed a howler monkey
   304 | D:6      | Noticed a worker ant
   310 | D:6      | Got a heavily runed steel ring
   312 | D:6      | Noticed Prince Ribbit
   329 | D:5      | Identified the ring of Mateorha {*Drain +Fly rC+++ Int+6
                  | Stlth-} (You found it on level 6 of the Dungeon)
   374 | D:5      | Noticed an orc wizard
   479 | D:5      | Killed from afar by an orc wizard

Illustrated notes

Levels and vault maps discovered:
D:5:      layout_loops_corners, nicolae_qazlal_style_of_elements,
          minmay_temple_entry_from_below_a
D:6:      layout_layer_cave, lemuel_round_altar, kennysheep_little_box,
          basic_altar, uniq_prince_ribbit1
Temple:   compressed_dpeg_triangle_lava_temple

Action                   || total
-------------------------++-------
Melee: Unarmed           ||    22
  Use: Potion            ||     1
 Stab: Sleeping          ||     1
Armor: Leather armour    ||     6
Dodge: Dodged            ||     9

Table legend: (Time is in decaauts)
 A = Elapsed time spent in this place.
 B = Non-inter-level travel time spent in this place.
 C = Inter-level travel time spent in this place.
 D = Time resting spent in this place.
 E = Time spent auto-exploring this place.
 F = Levels seen in this place.
 G = Mean time per level.
                   A        B        C        D        E       F      G
               +--------+--------+--------+--------+--------+-----+--------+
         Total |    478 |    461 |     17 |      0 |    360 |   3 |  159.3 |
       Dungeon |    186 |    185 |      1 |      0 |     85 |   2 |   93.0 |
        Temple |    291 |    275 |     16 |      0 |    275 |   1 |  291.0 |
               +--------+--------+--------+--------+--------+-----+--------+

Top non-repeatable levels by time:
  Temple: 291 daAuts
     D:5: 173 daAuts
     D:6: 12 daAuts
